Workbook
Name Finanzierung: PHZH_Personal!$A$24:$A$27
Name Finanzierung: PHZH_Personal_2025!$A$26:$A$29
Name Finanzierung: UZH_Personal!#REF!
Name Finanzierung: UZH_Personal_2023!#REF!
Name Finanzierung: UZH_Personal_2025!#REF!
Name Finanzierung: UZH_Personal_Alt!#REF!
Name Finanzierung: ZHAW_Personal!#REF!
Name Finanzierung: ZHDK_Personal_2024!$A$33:$A$36
Name Finanzierung: ZHDK_Personal!$A$28:$A$31
Name Personalkostensätze: PHZH_Personal!$A$4:$F$9
Name Personalkostensätze: PHZH_Personal_2025!$A$6:$F$11
Name Personalkostensätze: UZH_Personal!$A$5:$M$17
Name Personalkostensätze: UZH_Personal_2023!$A$5:$E$17
Name Personalkostensätze: UZH_Personal_2025!$A$5:$E$18
Name Personalkostensätze: UZH_Personal_Alt!$A$4:$M$10
Name Personalkostensätze: ZHAW_Personal!$A$4:$F$8
Name Personalkostensätze: ZHDK_Personal_2024!$A$6:$F$18
Name Personalkostensätze: ZHDK_Personal!$A$4:$F$13

Sheet Wegleitung Kalkulation
A1: WEGLEITUNG FÜR DIZH KALKULATION
A3: Themen
A4: Erläuterungen
A5: Projekt-Bezeichnung
A6: Personalkosten
A7: Sachkosten
A8: Subcontracting
A9: Praxispartner
A10: Geräte / Anlagen / Infrastruktur
A11: Kalkulation Overhead
A12: Infos zu Projekt-Finanzierung
A15: ERLÄUTERUNGEN ZU DIESER WEGLEITUNG:
... A27: In den Zellen 1A - 4A müssen Angaben zum Projekt gemacht werden.
A28: Zelle 1A: | C28: Projekt-Bezeichnung
A29: Zelle 2A: | C29: Antragsteller*in (Name, HS)
A30: Zelle 3A: | C30: beteiligte Hochschulen
A31: Zelle 4A: | C31: Laufzeit
A33: KALKULATION PERSONALKOSTEN:
A34: es gibt zwei Möglichkeiten die Personalkosten zu ermitteln:
A36: 1) separates Blatt "Personalkosten"
A37: Pro Hochschule gibt es ein Kalkulationsfenster mit 12 Zeilen. In den ersten 6 Zeilen sind fixe Standard-Kostensätze hinterlegt. Die letzten 6 Zeilen können beliebig überschrieben werden.
A38: Da jede Hochschule unterschiedliche Vorgehensweise kennt, ihre Personalkosten zu kalkulieren, gibt es pro Hochschule eine separte Erläuterung.
A40: Personalkosten PHZH:
A41: Person: Name des Mitarbeiters. Ist für DIZH nicht relevant und muss nicht zwingend ausgefüllt werden, kann aber für den Antragsteller als Hilfe dienen.
A42: Personal-Kategorie: DROP-DOWN der Personalkategorie gemäss Vorgaben PHZH.
A43: Aufgabe: Rolle innerhalb des Projektes
A44: Besch-Grad: Der "Beschäftigungs-Grad" des Mitarbeiters im Projekt in %.
A45: Monate: Die Beschäftigungs-Dauer des Mitarbeiters in Monaten.
A46: Jahreskosten:
... A86: Personal-Kategorie: DROP-DOWN der Personalkategorie gemäss Vorgaben UZH
B88: Für UZH Personal stehen nur drei Kategorien als "Drop Down" zur Auswahl:
B90: 1) Hilfassistenzen ohne Bachelor:
B91: Lohnklasse 10. Lohnstufen 03-11. Ergibt Mittelwert von CHF 77'401 für einen Jahreslohn mit 100% Pensum (inkl. 18 % Sozialleistungen).
B93: 2) Hilfassistenzen mit Bachelor:
B94: Lohnklasse 10. Lohnstufen 03-11. Ergibt Mittelwert von CHF 89'656 für einen Jahreslohn mit 100% Pensum (inkl. 18 % Sozialleistungen).
B96: 3) Doktoranden:
B97: Gem. UZH Einreihungsrichtlinien: 60% Pensum. Ergibt folgende Jahreslöhne (inkl. 18 % Sozialleistungen):
B98: Doktorierende 1. Jahr (idR 60% Pensum) -> CHF 92'512
B99: Doktorierende 2. Jahr (idR 60% Pensum) -> CHF 95'462
B100: Doktorierende 3. u. 4. Jahr (idR 60% Pensum) -> CHF 98'412
B101: --> somit ist bei einem gewählten Beschäftigungsgrad von 100% das Pensum von 60% die Basis.
B103: 4) Post-Docs:
... B106: alle anderen Personalkategorien können manuell in den dafür vorgesehenen Zeilen eingegeben werden.
A108: Aufgabe: Rolle innerhalb des Projektes
A109: Besch-Grad: Der "Beschäftigungs-Grad" des Mitarbeiters im Projekt in %.
A110: Monate: Die Beschäftigungs-Dauer des Mitarbeiters in Monaten.
A111: Jahreskosten:
A112: weisse Felder: Die Lohnkosten werden gemäss gewählter Personal-Kategorie automatisch übernommen.
A113: orange Felder: Die Jahreskosten können manuell eingegeben werden.
A114: anteilmässige Projektkosten:
A115: Die Jahreskosten im Verhältnis des ausgewählten Beschäftigungs-Grades und der Anzahl Monate.
A116: Das Total wird direkt ins "DIZH Innovationsprogramm Kalk" übernommen (Zeilen 8 bis 11).
A119: 2) Eingabe Personalkosten manuell direkt im Blatt "DIZH Innovationspgrogramm Kalk"
A120: Die Personalkosten können auch manuell eingebeben werden in den Zeilen 12 bis 15 (unbedigt die Kosten in die jeweilige Spalte der betroffenen Hochschule eingeben).
A121: Damit die Kosten nachvollziehbar sind, können in den Kommentarspalten Details angegeben werden.
... A217: a) Cash-Leistungen (verfügbares Geld um bestimmte Ausgaben tätigen zu können):
A218: - | B218: Freie universitäre Mittel des Lehrstuhls bzw. des Instituts (no earmarked funds) als Cash
A220: b) in-kind-Leistungen (eine bereits laufende Anstellung die möglicherweise auf das Projeke umgebucht werden kann):
A221: - | B221: Personaleinsatz von Personen (Doktoranden, Post-Docs, Assistenten) bezahlt aus freien Mitteln des Lehrstuhls bzw. des Instituts;
B222: Monetarisiert durch jeweiligen Stundenansatz, wird vom jeweiligen Vorgesetzten bestätigt oder auch hinterlegtem Kostensplit auf das DIZH-Projekt
A223: - | B223: Arbeitsleistung des Lehrstuhlinhabers/Professors (sofern es keine Drittmittelprofessur ist oder weiterverrechnet wird) ;
B224: Monetarisiert durch jeweiligen Stundenansatz, wird durch Antragsteller selbst bestätigt
A226: Eingeworbene/einzuwerbende Drittmittel
A227: Es wird jeweils das gesamte Drittmittel berücksichtigt (bzw. alle darauf verbuchten Ausgaben, sei es Betriebs- oder Personalaufwand)
A228: Folgende Drittmittel können verwendet werden:
A230: - | B230: Drittmittel (no earmarked funds) mit direktem Bezug zum Projektthema (gemäss DIZH-Reglement)
A231: - | B231: Drittmittel, die von Projektpartnern (z.B. Cashbeiträge von Praxispartnern) zur Verfügung gestellt werden und auf einem Drittmittelkonto landen.
A232: - | B232: Drittmittel, bei denen der Geldgeber einer Umwidmung zugestimmt hat.
A234: Soll nur ein (teilweiser) Personaleinsatz von drittmittelfinanzierten Personen und nicht das gesamte Drittmittel berücksichtigt werden, gibt es folgende Möglichkeiten:
A236: - | B236: Personaleinsatz von Personen (Doktoranden, Post-Docs, Assistenten) bezahlt aus Drittmittel mit direktem Bezug zum Projektthema;
B237: Monetarisiert durch jeweiligen Stundenansatz, wird vom jeweiligen Vorgesetzten bestätigt.
A238: - | B238: Personaleinsatz von Personen (Doktoranden, Post-Docs, Assistenten) bezahlt aus Drittmittel, bei denen der Geldgeber einer Umwidmung zugestimmt hat;
B239: Monetarisiert durch jeweiligen Stundenansatz, wird vom jeweiligen Vorgesetzten bestätigt.
A240: - | B240: Personaleinsatz von (Stiftungs-/Drittmittel)Professuren; der Geldgeber muss der Umwidmung zugestimmt haben, sofern nicht bereits in der Stiftungsvereinbarung etc geregelt:
B241: Monetarisiert durch jeweiligen Stundenansatz, wird vom jeweiligen Vorgesetzten bestätigt.
A242: Für ZHAW-Finanzierungsanteile gilt: Es sind mind. 6.6% der Gesamtkosten an eingeworbenen Drittmitteln nachzuweisen.
A244: Auszug aus Konzept zum Innovationsprogramm:
A245: Die DIZH-Finanzierung im Innovationsprogramm muss auf der Ebene der Projekte im Verhältnis 50:50 aus anderweitigen Mitteln erbracht werden (Matching Funds, siehe OrgR Art. 26).
A246: Valide Eigenleistungen sind die Umschichtung bestehender Erträge der Hochschulen sowie die Neueinwerbung von Drittmitteln (siehe Aktennotiz der Bildungsdirektion vom 23. März 2020);
A247: die Auflösung von Reserven steht für das Innovationsprogramm ebenfalls zur Verfügung, siehe Aktennotiz vom 16.06.2020).

Sheet Guide for Calculation English
A1: DIZH CALCULATION GUIDE
A3: Topics
A4: Explanation
A5: Project name
A6: Personnel costs
A7: Material costs
A8: Subcontracting
A9: Practice partner
A10: Equipment/facilities/infrastructure
A11: Calculating overhead
A12: Information on project financing
A15: EXPLANATION OF THIS GUIDE
... A27: Information on the project must be entered in cells 1A - 4A.
A28: cell 1A: | C28: Project description | F28: cell 1E: | G28: Planned starting date
A29: cell 2A: | C29: Applicant (name, HS) | F29: cell 2E: | G29: duration in months
A30: cell 3A: | C30: Participating universities | F30: cells 1K and 2K: automatic calculation
A33: CALCULATION OF PERSONNEL COSTS
A34: Personnel costs are recorded in the separate 'Personnel Costs' sheet, and the totals for each university are automatically transferred to the 'DIZH Budget Calculation' sheet.
A35: Each university has a calculation window with 12 lines. The first 6 rows contain fixed standard cost rates, while the last 6 rows can be overwritten as needed.
A36: Since each university uses a different approach for calculating personnel costs, separate explanations are provided for each university.
A38: Personnel costs UZH:
A39: Person: Name of the employee. This is not relevant for DIZH and does not need to be filled in, but it may be useful for the applicant.
A40: Personnel category: DROP-DOWN of the personnel category according to UZH specifications.
B42: For UZH staff, only three categories are available in the DROP-DOWN menu:
B44: 1) Auxiliary assistants
B45: Auxiliary assistants without bachelor’s degree:
B46: Salary class 10, salary levels 03, with an annual salary of CHF 75'254 with a 100% workload (incl. 14% social benefits).
B47: Auxiliary assistants with bachelor’s degree:
B48: Salary class 10, salary levels 03. CHF 87'153 for an annual salary with a 100% workload (incl. 14% social benefits).
B50: 2) PhD students:
B51: According to UZH classification guidelines: 80% workload. The annual salaries (incl. 14.5 % social benefits) are as follows:
B52: Doctoral students 1st year -> CHF 72'140/ With 80% workload: CHF 57'712.
B53: PhD students 2nd year -> CHF 74'441 / With 80% workload: CHF 59'552.
B54: Doctoral students 3rd and 4th year -> CHF 76'740/ With 80% workload: CHF 61'392.
B55: The workload must be adjusted in column E. Mostly: 80%!
... B60: All other personnel categories can be entered manually in the lines provided.
A62: Task: Role within the project
A63: Degree of employment: The employee's workload in the project (%).
A64: Months: Employee’s employment duration in months.
A65: Annual costs:
A66: White fields: The wage costs are automatically transferred according to the selected personnel category.
A67: Orange fields: The annual costs can be entered manually.
A68: Calculated personnel expenses:
A69: Annual costs adjusted for the selected employment percentage and duration in months.
A70: The total is automatically transferred to "DIZH Budget Calculation” (lines 8 to 11).
A76: Personnel costs ZHAW:
A77: Person: Name of the employee. This is not relevant for DIZH and does not need to be filled in, but it may be useful for the applicant.
A78: Personnel category: DROP-DOWN of the personnel category according to ZHAW specifications.
... A226: a) Cash benefits (available money for certain expenditures):
A227: - | B227: University funds used to support the chair or institute (no earmarked funds).
A229: b) In-kind services (an ongoing position that can be transferred to the project):
A230: - | B230: Personnel deployment (doctoral students, post-docs, assistants) fully funded by the chair or institute
B231: (monetised by the respective hourly rate and confirmed by the respective supervisor) or cost split with the DIZH project;
A232: - | B232: Work performed by the chair holder/professor (if the position is not a third-party funded professorship or charged to)
B233: (monetised by the respective hourly rate, to be confirmed by the applicant).
A235: Third-party funds acquired/to be acquired
A236: In each case, all third-party funds are taken into account (or all expenses booked to them, whether operating or personnel expenses)
A237: The following third-party funds can be used:
A239: - | B239: Third-party funds (non-earmarked funds) provided with direct reference to the project topic (according to DIZH regulations).
A240: - | B240: Third-party funds provided by project partners (e.g., cash contributions from practice partners) that are deposited in a third-party funds account.
A241: - | B241: Third-party funds for which the funder has agreed to reallocation.
A243: If partial deployment of personnel financed by third-party funding is to be utilized, the following options exist:
A245: - | B245: Personnel deployment of persons (doctoral students, post-docs, assistants) paid from third-party funds with direct reference to the project topic,
B246: monetarised by their respective hourly rates and confirmed by their respective supervisors.
A247: - | B247: Personnel deployment of persons (doctoral students, post-docs, assistants) paid from third-party funds for which the funder has agreed to a reallocation,
B248: monetarised by their respective hourly rates and confirmed by their respective supervisors.
A249: - | B249: Personnel assignment of endowed/third-party funded professorships, where the donor must have agreed to the reassignment if not already regulated in the endowment agreement:
B250: monetised by the respective hourly rate and confirmed by respective supervisor.
A251: For ZHAW: At least 6.6% of the total costs must be in the form of acquired third-party funds.
A253: Excerpt from the concept for the innovation programme:
A254: DIZH funding in the innovation programme must be provided at the project level in a 50:50 ratio from other funds (matching funds, see OrgR Art. 26).
A255: Valid own contributions are the reallocation of existing income of the universities as well as the new acquisition of third-party funds (see Education Directorate memo of 23 March 2020);
A256: The release of reserves is also available for the innovation program, see file note dated 16.06.2020).

Sheet DIZH Budget Calculation
A1: You can enter numbers in the fields marked light orange. | C1: You can enter numbers in the fields marked light green. | K1: --> all other fields are locked for input.
B4: Project description | F4: Planned start date | K4: =E4+(K5*365) -> 0 | L4: Calculated end date
B5: Applicant (name, HS) | E5: ='Personnel Costs'!D4 -> 0 | F5: duration in months | K5: =IFERROR(E5/12,0) -> 0 | L5: Calculated in years
B6: Participating universities
E9: =IFERROR(E64/$B64, 0) -> 0 | G9: ZHAW | H9: =IFERROR(H64/$B64, 0) -> 0 | J9: ZHdK | K9: =IFERROR(K64/$B64, 0) -> 0 | M9: phzh | N9: =IFERROR(N64/$B64, 0) -> 0 | P9: comments (can be overwritten as desired)
A10: DETAIL | B10: CHF | C10: in % | E10: UZH | H10: ZHAW | K10: ZHdK | N10: PHZH
A11: UZH personnel (carried over from "Personnel costs) | B11: =SUM(E11,H11,K11,N11) -> 0 | C11: =IFERROR(B11/B$20, 0) -> 0 | E11: =SUM('Personnel Costs'!H25) -> 0 | P11: is taken over directly from the "Personnel costs" sheet
A12: ZHAW personnel (carried over from "Personnel costs) | B12: =SUM(E12,H12,K12,N12) -> 0 | C12: =IFERROR(B12/B$20, 0) -> 0 | H12: =SUM('Personnel Costs'!H42) -> 0 | P12: is taken over directly from the "Personnel costs" sheet
A13: ZHdK personnel (carried over from "Personnel costs) | B13: =SUM(E13,H13,K13,N13) -> 0 | C13: =IFERROR(B13/B$20, 0) -> 0 | K13: =SUM('Personnel Costs'!H59) -> 0 | P13: is taken over directly from the "Personnel costs" sheet
A14: PHZH personnel (carried over from "Personnel costs) | B14: =SUM(E14,H14,K14,N14) -> 0 | C14: =IFERROR(B14/B$20, 0) -> 0 | N14: =SUM('Personnel Costs'!H76) -> 0 | P14: is taken over directly from the "Personnel costs" sheet
A15: … | B15: =SUM(E15,H15,K15,N15) -> 0 | C15: =IFERROR(B15/B$20, 0) -> 0 | P15: can be filled out as desired.
A16: … | B16: =SUM(E16,H16,K16,N16) -> 0 | C16: =IFERROR(B16/B$20, 0) -> 0 | P16: can be filled out as desired.
A17: … | B17: =SUM(E17,H17,K17,N17) -> 0 | C17: =IFERROR(B17/B$20, 0) -> 0 | P17: can be filled out as desired.
A18: … | B18: =SUM(E18,H18,K18,N18) -> 0 | C18: =IFERROR(B18/B$20, 0) -> 0 | P18: can be filled out as desired.
A19: additional lines: Mark line 17 and insert with 'ctrl c' and 'ctrl +'.
A20: TOTAL PERSONNEL INTERNAL | B20: =SUM(B11:B19) -> 0 | C20: =IFERROR(B20/B$61, 0) -> 0 | E20: =SUM(E11:E19) -> 0 | F20: =IFERROR(E20/E$61, 0) -> 0 | H20: =SUM(H11:H19) -> 0 | I20: =IFERROR(H20/H$61, 0) -> 0 | K20: =SUM(K11:K19) -> 0 | L20: =IFERROR(K20/K$61, 0) -> 0 | N20: =SUM(N11:N19) -> 0 | O20: =IFERROR(N20/N$61, 0) -> 0
A22: … | B22: =SUM(E22,H22,K22,N22) -> 0 | C22: =IFERROR(B22/B$29, 0) -> 0 | K22: 0 | P22: can be filled out as desired.
A23: … | B23: =SUM(E23,H23,K23,N23) -> 0 | C23: =IFERROR(B23/B$29, 0) -> 0 | P23: can be filled out as desired.
A24: … | B24: =SUM(E24,H24,K24,N24) -> 0 | C24: =IFERROR(B24/B$29, 0) -> 0 | P24: can be filled out as desired.
A25: … | B25: =SUM(E25,H25,K25,N25) -> 0 | C25: =IFERROR(B25/B$29, 0) -> 0 | P25: can be filled out as desired.
A26: … | B26: =SUM(E26,H26,K26,N26) -> 0 | C26: =IFERROR(B26/B$29, 0) -> 0 | P26: can be filled out as desired.
A27: … | B27: =SUM(E27,H27,K27,N27) -> 0 | C27: =IFERROR(B27/B$29, 0) -> 0 | P27: can be filled out as desired.
A28: additional lines: Mark line 25 and insert with 'ctrl c' and 'ctrl +'.
A29: TOTAL COST OF MATERIALS | B29: =SUM(B22:B28) -> 0 | C29: =IFERROR(B29/B$61, 0) -> 0 | E29: =SUM(E22:E28) -> 0 | H29: =SUM(H22:H28) -> 0 | K29: =SUM(K22:K28) -> 0 | N29: =SUM(N22:N28) -> 0
A31: e.g. programming | B31: =SUM(E31,H31,K31,N31) -> 0 | C31: =IFERROR(B31/B$37, 0) -> 0 | P31: Line is example and can be overwritten. Ideally, a quotation is available.
A32: e.g. consulting fee | B32: =SUM(E32,H32,K32,N32) -> 0 | C32: =IFERROR(B32/B$37, 0) -> 0 | P32: Line is example and can be overwritten. Ideally, a quotation is available.
A33: e.g. webpage | B33: =SUM(E33,H33,K33,N33) -> 0 | C33: =IFERROR(B33/B$37, 0) -> 0 | P33: Line is example and can be overwritten. Ideally, a quotation is available.
A34: e.g. external event (runs via event agency) | B34: =SUM(E34,H34,K34,N34) -> 0 | C34: =IFERROR(B34/B$37, 0) -> 0 | P34: Line is example and can be overwritten. Ideally, a quotation is available.
B35: =SUM(E35,H35,K35,N35) -> 0 | C35: =IFERROR(B35/B$37, 0) -> 0 | P35: to write on and fill in yourself
A36: additional lines: Mark line 32 and insert with 'ctrl c' and 'ctrl +'.
A37: TOTAL SUBCONTRACTING | B37: =SUM(B31:B36) -> 0 | C37: =IFERROR(B37/B$61, 0) -> 0 | E37: =SUM(E31:E36) -> 0 | H37: =SUM(H31:H36) -> 0 | K37: =SUM(K31:K36) -> 0 | N37: =SUM(N31:N36) -> 0
A39: … | B39: =SUM(E39,H39,K39,N39) -> 0 | C39: =IFERROR(B39/B$45, 0) -> 0 | P39: Line is example and can be overwritten. Ideally, a quotation is available.
A40: … | B40: =SUM(E40,H40,K40,N40) -> 0 | C40: =IFERROR(B40/B$45, 0) -> 0 | P40: Line is example and can be overwritten. Ideally, a quotation is available.
A41: … | B41: =SUM(E41,H41,K41,N41) -> 0 | C41: =IFERROR(B41/B$45, 0) -> 0 | P41: Line is example and can be overwritten. Ideally, a quotation is available.
A42: … | B42: =SUM(E42,H42,K42,N42) -> 0 | C42: =IFERROR(B42/B$45, 0) -> 0 | P42: Line is example and can be overwritten. Ideally, a quotation is available.
A43: … | B43: =SUM(E43,H43,K43,N43) -> 0 | C43: =IFERROR(B43/B$45, 0) -> 0 | P43: to write on and fill in yourself
A44: additional lines: Mark line 39 and insert with 'ctrl c' and 'ctrl +'.
A45: TOTAL PRACTICE PARTNER | B45: =SUM(B39:B44) -> 0 | C45: =IFERROR(B45/B$61, 0) -> 0 | E45: =SUM(E39:E44) -> 0 | H45: =SUM(H39:H44) -> 0 | K45: =SUM(K39:K44) -> 0 | N45: =SUM(N39:N44) -> 0
A47: e.g. laptops | B47: =SUM(E47,H47,K47,N47) -> 0 | C47: =IFERROR(B47/B$54, 0) -> 0 | P47: In the case of equipment procurement, clarify whether it is already available within the HS.
A48: e.g. printers | B48: =SUM(E48,H48,K48,N48) -> 0 | C48: =IFERROR(B48/B$54, 0) -> 0 | P48: In the case of equipment procurement, clarify whether it is already available within the HS.
A49: … | B49: =SUM(E49,H49,K49,N49) -> 0 | C49: =IFERROR(B49/B$54, 0) -> 0 | P49: In the case of equipment procurement, clarify whether it is already available within the HS.
A50: … | B50: =SUM(E50,H50,K50,N50) -> 0 | C50: =IFERROR(B50/B$54, 0) -> 0 | P50: In the case of equipment procurement, clarify whether it is already available within the HS.
A51: … | B51: =SUM(E51,H51,K51,N51) -> 0 | C51: =IFERROR(B51/B$54, 0) -> 0 | P51: In the case of equipment procurement, clarify whether it is already available within the HS.
A52: … | B52: =SUM(E52,H52,K52,N52) -> 0 | C52: =IFERROR(B52/B$54, 0) -> 0 | P52: In the case of equipment procurement, clarify whether it is already available within the HS.
A53: additional lines: Mark line 47 and insert with 'ctrl c' and 'ctrl +'.
A54: TOTAL DEVICES / EQUIPMENT | B54: =SUM(B47:B53) -> 0 | C54: =IFERROR(B54/B$61, 0) -> 0 | E54: =SUM(E47:E53) -> 0 | H54: =SUM(H47:H53) -> 0 | K54: =SUM(K47:K53) -> 0 | N54: =SUM(N47:N53) -> 0 | P54: Assets below capitalisation threshold
A56: TOTAL PROJECT COSTS (with PP) | B56: =SUM(B20,B29,B37,B45,B54) -> 0 | E56: =SUM(E20,E29,E37,E45,E54) -> 0 | H56: =SUM(H20,H29,H37,H45,H54) -> 0 | K56: =SUM(K20,K29,K37,K45,K54) -> 0 | N56: =SUM(N20,N29,N37,N45,N54) -> 0
A57: minus practice partner | B57: =SUM(E57,H57,K57,N57) -> 0 | E57: =-E45 -> 0 | H57: =-H45 -> 0 | K57: =-K45 -> 0 | N57: =-N45 -> 0
A58: TOTAL PROJECT COSTS (without PP) | B58: =SUM(B56:B57) -> 0 | C58: 0.8 | E58: =SUM(E56:E57) -> 0 | H58: =SUM(H56:H57) -> 0 | K58: =SUM(K56:K57) -> 0 | N58: =SUM(N56:N57) -> 0
A60: OVERHEAD (OH) | B60: =B58/0.8*0.2 -> 0 | C60: 0.2 | E60: =E58/0.8*0.2 -> 0 | H60: =H58/0.8*0.2 -> 0 | K60: =K58/0.8*0.2 -> 0 | N60: =N58/0.8*0.2 -> 0
A61: TOTAL PROJECT COSTS INCL. OH | B61: =SUM(B60,B58) -> 0 | C61: 1 | E61: =SUM(E60,E58) -> 0 | H61: =SUM(H60,H58) -> 0 | K61: =SUM(K60,K58) -> 0 | N61: =SUM(N60,N58) -> 0
A63: PROJECT FUNDING:
A64: TOTAL PROJECT COST *Transfer value from B64 to Selectus | B64: =SUM(B61) -> 0 | C64: 1 | E64: =SUM(E61:E61) -> 0 | F64: 1 | H64: =SUM(H61:H61) -> 0 | I64: 1 | K64: =SUM(K61:K61) -> 0 | L64: 1 | N64: =SUM(N61:N61) -> 0 | O64: 1
A65: REQUIRED DIZH FUNDS (50% OF PC) *Transfer value from B65 to Selectus | B65: =B64*50% -> 0 | C65: =IFERROR(B65/B$64, 0) -> 0 | E65: =E64*50% -> 0 | F65: =IFERROR(E65/E$64, 0) -> 0 | H65: =H64*50% -> 0 | I65: =IFERROR(H65/H$64, 0) -> 0 | K65: =K64*50% -> 0 | L65: =IFERROR(K65/K$64, 0) -> 0 | N65: =N64*50% -> 0 | O65: =IFERROR(N65/N$64, 0) -> 0
A66: REQUIRED MATCHING FUNDS TOTAL | B66: =B64-B65 -> 0 | C66: =IFERROR(B66/B$64, 0) -> 0 | E66: =E64-E65 -> 0 | F66: =IFERROR(E66/E$64, 0) -> 0 | H66: =H64-H65 -> 0 | I66: =IFERROR(H66/H$64, 0) -> 0 | K66: =K64-K65 -> 0 | L66: =IFERROR(K66/K$64, 0) -> 0 | N66: =N64-N65 -> 0 | O66: =IFERROR(N66/N$64, 0) -> 0
A68: MATCHING FUNDS COVERAGE:
A69: MATCHING FUNDS TOTAL *Transfer value from B69 to Selectus, if C95 = 100% | B69: =SUM(B70:B71) -> 0 | C69: =SUM(C70:C71) -> 0 | E69: =SUM(E70:E71) -> 0 | F69: =SUM(F70:F71) -> 0 | H69: =SUM(H70:H71) -> 0 | I69: =SUM(I70:I71) -> 0 | K69: =SUM(K70:K71) -> 0 | L69: =SUM(L70:L71) -> 0 | N69: =SUM(N70:N71) -> 0 | O69: =SUM(O70:O71) -> 0
A70: Overhead | B70: =SUM(B60) -> 0 | C70: =IFERROR(B70/B$64, 0) -> 0 | E70: =SUM(E60:E60) -> 0 | F70: =IFERROR(E70/E$64, 0) -> 0 | H70: =SUM(H60:H60) -> 0 | I70: =IFERROR(H70/H$64, 0) -> 0 | K70: =SUM(K60:K60) -> 0 | L70: =IFERROR(K70/K$64, 0) -> 0 | N70: =SUM(N60:N60) -> 0 | O70: =IFERROR(N70/N$64, 0) -> 0
A71: Own contributions to be made | B71: =B66-B70 -> 0 | C71: =IFERROR(B71/B$64, 0) -> 0 | E71: =E66-E70 -> 0 | F71: =IFERROR(E71/E$64, 0) -> 0 | H71: =H66-H70 -> 0 | I71: =IFERROR(H71/H$64, 0) -> 0 | K71: =K66-K70 -> 0 | L71: =IFERROR(K71/K$64, 0) -> 0 | N71: =N66-N70 -> 0 | O71: =IFERROR(N71/N$64, 0) -> 0
B72: =SUM(E72,H72,K72,N72) -> 0
B73: =SUM(E73,H73,K73,N73) -> 0
B74: =SUM(E74,H74,K74,N74) -> 0
B75: =SUM(E75,H75,K75,N75) -> 0
B76: =SUM(E76,H76,K76,N76) -> 0
A77: additional lines: Mark line 71 and insert with 'ctrl c' and 'ctrl +'. | B77: =SUM(E77,H77,K77,N77) -> 0
A78: Dissolution of reserves (secured) | B78: =SUM(B72:B77) -> 0 | E78: =SUM(E72:E77) -> 0 | H78: =SUM(H72:H77) -> 0 | K78: =SUM(K72:K77) -> 0 | N78: =SUM(N72:N77) -> 0
B80: =SUM(E80,H80,K80,N80) -> 0
B81: =SUM(E81,H81,K81,N81) -> 0
B82: =SUM(E82,H82,K82,N82) -> 0
B83: =SUM(E83,H83,K83,N83) -> 0
B84: =SUM(E84,H84,K84,N84) -> 0
A85: additional lines: Mark line 78 and insert with 'ctrl c' and 'ctrl +'. | B85: =SUM(E85,H85,K85,N85) -> 0
A86: Redeployment from existing income (secured) | B86: =SUM(B80:B85) -> 0 | E86: =SUM(E80:E85) -> 0 | H86: =SUM(H80:H85) -> 0 | K86: =SUM(K80:K85) -> 0 | N86: =SUM(N80:N85) -> 0
B88: =SUM(E88,H88,K88,N88) -> 0
B89: =SUM(E89,H89,K89,N89) -> 0
B90: =SUM(E90,H90,K90,N90) -> 0
B91: =SUM(E91,H91,K91,N91) -> 0
B92: =SUM(E92,H92,K92,N92) -> 0
A93: additional lines: Mark line 85 and insert with 'ctrl c' and 'ctrl +'. | B93: =SUM(E93,H93,K93,N93) -> 0
A94: Third-party funds acquired/to be acquired (secured) | B94: =SUM(B88:B93) -> 0 | E94: =SUM(E88:E93) -> 0 | H94: =SUM(H88:H93) -> 0 | K94: =SUM(K88:K93) -> 0 | N94: =SUM(N88:N93) -> 0
A95: TOTAL OWN CONTRIBUTIONS | B95: =SUM(B78,B86,B94) -> 0 | C95: =IFERROR(B95/B$71, 0) -> 0 | E95: =SUM(E78,E86,E94) -> 0 | F95: =IFERROR(E95/E$71, 0) -> 0 | H95: =SUM(H78,H86,H94) -> 0 | I95: =IFERROR(H95/H$71, 0) -> 0 | K95: =SUM(K78,K86,K94) -> 0 | L95: =IFERROR(K95/K$71, 0) -> 0 | N95: =SUM(N78,N86,N94) -> 0 | O95: =IFERROR(N95/N$71, 0) -> 0
A96: Missing own contributions | B96: =B71-B95 -> 0 | C96: =IFERROR(B96/B$71, 0) -> 0 | E96: =E71-E95 -> 0 | F96: =IFERROR(E96/E$71, 0) -> 0 | H96: =H71-H95 -> 0 | I96: =IFERROR(H96/H$71, 0) -> 0 | K96: =K71-K95 -> 0 | L96: =IFERROR(K96/K$71, 0) -> 0 | N96: =N71-N95 -> 0 | O96: =IFERROR(N96/N$71, 0) -> 0

Sheet Personnel Costs
C1: Project description | D1: =IFERROR('DIZH Budget Calculation'!A4, "noch ausfüllen") -> 0
C2: Applicant (name, HS) | D2: =IFERROR('DIZH Budget Calculation'!A5, "noch ausfüllen") -> 0
C3: Participating universities | D3: =IFERROR('DIZH Budget Calculation'!A6, "noch ausfüllen") -> 0
C4: duration in months
A6: Calculation scheme UZH
A7: Calculation scheme ZHAW
A8: Calculation scheme ZHdK
A9: Calculation scheme PHZH
A11: HS | B11: Person | C11: Personnel category | D11: Task | E11: degree of employment | F11: months | G11: Annual costs | H11: Calculated personnel expenses
A12: UZH | G12: =IFERROR(VLOOKUP(C12,UZH_Personal_2025!A$4:L$12, 5,FALSE),) -> 0 | H12: =G12*E12*F12/12 -> 0 | I12: Rows with dropdown menu in the "Personnel category" column
A13: UZH | G13: =IFERROR(VLOOKUP(C13,UZH_Personal_2025!A$4:L$12, 5,FALSE),) -> 0 | H13: =G13*E13*F13/12 -> 0 | I13: Rows with dropdown menu in the "Personnel category" column
A14: UZH | G14: =IFERROR(VLOOKUP(C14,UZH_Personal_2025!A$4:L$12, 5,FALSE),) -> 0 | H14: =G14*E14*F14/12 -> 0 | I14: Rows with dropdown menu in the "Personnel category" column
A15: UZH | G15: =IFERROR(VLOOKUP(C15,UZH_Personal_2025!A$4:L$12, 5,FALSE),) -> 0 | H15: =G15*E15*F15/12 -> 0 | I15: Rows with dropdown menu in the "Personnel category" column
A16: UZH | G16: =IFERROR(VLOOKUP(C16,UZH_Personal_2025!A$4:L$12, 5,FALSE),) -> 0 | H16: =G16*E16*F16/12 -> 0 | I16: Rows with dropdown menu in the "Personnel category" column
A17: UZH | G17: =IFERROR(VLOOKUP(C17,UZH_Personal_2025!A$4:L$12, 5,FALSE),) -> 0 | H17: =G17*E17*F17/12 -> 0 | I17: Rows with dropdown menu in the "Personnel category" column
A18: UZH | H18: =G18*E18*F18/12 -> 0 | I18: The annual costs can be entered manually in these lines.
A19: UZH | H19: =G19*E19*F19/12 -> 0 | I19: The annual costs can be entered manually in these lines.
A20: UZH | H20: =G20*E20*F20/12 -> 0 | I20: The annual costs can be entered manually in these lines.
A21: UZH | H21: =G21*E21*F21/12 -> 0 | I21: The annual costs can be entered manually in these lines.
A22: UZH | H22: =G22*E22*F22/12 -> 0 | I22: The annual costs can be entered manually in these lines.
A23: UZH | H23: =G23*E23*F23/12 -> 0 | I23: The annual costs can be entered manually in these lines.
A24: Insert lines: Select line 17 (incl. dropdown menu) or line 22 (without dropdown menu) and insert another line with 'ctrl c' and 'ctrl +'.
A25: TOTAL PERSONNEL COSTS UZH | H25: =SUM(H12:H24) -> 0
L27: 6
A28: HS | B28: Person | C28: Personnel category | D28: Task | E28: Total number of hours (for entire project duration) | G28: Hrs Rate | H28: Calculated personnel expenses
A29: ZHAW | G29: =IFERROR(VLOOKUP(C29,ZHAW_Personal!A$4:D$8, 2,FALSE),) -> 0 | H29: =G29*E29 -> 0 | I29: Rows with dropdown menu in the "Personnel category" column
A30: ZHAW | G30: =IFERROR(VLOOKUP(C30,ZHAW_Personal!A$4:D$8, 2,FALSE),) -> 0 | H30: =G30*E30 -> 0 | I30: Rows with dropdown menu in the "Personnel category" column
A31: ZHAW | G31: =IFERROR(VLOOKUP(C31,ZHAW_Personal!A$4:D$8, 2,FALSE),) -> 0 | H31: =G31*E31 -> 0 | I31: Rows with dropdown menu in the "Personnel category" column
A32: ZHAW | G32: =IFERROR(VLOOKUP(C32,ZHAW_Personal!A$4:D$8, 2,FALSE),) -> 0 | H32: =G32*E32 -> 0 | I32: Rows with dropdown menu in the "Personnel category" column
A33: ZHAW | G33: =IFERROR(VLOOKUP(C33,ZHAW_Personal!A$4:D$8, 2,FALSE),) -> 0 | H33: =G33*E33 -> 0 | I33: Rows with dropdown menu in the "Personnel category" column
A34: ZHAW | G34: =IFERROR(VLOOKUP(C34,ZHAW_Personal!A$4:D$8, 2,FALSE),) -> 0 | H34: =G34*E34 -> 0 | I34: Rows with dropdown menu in the "Personnel category" column
A35: ZHAW | H35: =G35*E35 -> 0 | I35: The annual costs can be entered manually in these lines.
A36: ZHAW | H36: =G36*E36 -> 0 | I36: The annual costs can be entered manually in these lines.
A37: ZHAW | H37: =G37*E37 -> 0 | I37: The annual costs can be entered manually in these lines.
A38: ZHAW | H38: =G38*E38 -> 0 | I38: The annual costs can be entered manually in these lines.
A39: ZHAW | H39: =G39*E39 -> 0 | I39: The annual costs can be entered manually in these lines.
A40: ZHAW | H40: =G40*E40 -> 0 | I40: The annual costs can be entered manually in these lines.
A41: Insert lines: Select line 34 (incl. dropdown menu) or line 39 (without dropdown menu) and insert another line with 'ctrl c' and 'ctrl +'.
A42: TOTAL PERSONNEL COSTS ZHAW | H42: =SUM(H29:H41) -> 0
A45: HS | B45: Person | C45: Personnel category | D45: Task | E45: degree of employment | F45: months | G45: Annual costs | H45: Calculated personnel expenses
A46: ZHdK | G46: =IFERROR(VLOOKUP(C46,ZHDK_Personal_2024!A$4:F$18, 4,FALSE),) -> 0 | H46: =G46*E46*F46/12 -> 0 | I46: Rows with dropdown menu in the "Personnel category" column
A47: ZHdK | G47: =IFERROR(VLOOKUP(C47,ZHDK_Personal_2024!A$4:F$18, 4,FALSE),) -> 0 | H47: =G47*E47*F47/12 -> 0 | I47: Rows with dropdown menu in the "Personnel category" column
A48: ZHdK | G48: =IFERROR(VLOOKUP(C48,ZHDK_Personal_2024!A$4:F$18, 4,FALSE),) -> 0 | H48: =G48*E48*F48/12 -> 0 | I48: Rows with dropdown menu in the "Personnel category" column
A49: ZHdK | G49: =IFERROR(VLOOKUP(C49,ZHDK_Personal_2024!A$4:F$18, 4,FALSE),) -> 0 | H49: =G49*E49*F49/12 -> 0 | I49: Rows with dropdown menu in the "Personnel category" column
A50: ZHdK | G50: =IFERROR(VLOOKUP(C50,ZHDK_Personal_2024!A$4:F$18, 4,FALSE),) -> 0 | H50: =G50*E50*F50/12 -> 0 | I50: Rows with dropdown menu in the "Personnel category" column
A51: ZHdK | G51: =IFERROR(VLOOKUP(C51,ZHDK_Personal_2024!A$4:F$18, 4,FALSE),) -> 0 | H51: =G51*E51*F51/12 -> 0 | I51: Rows with dropdown menu in the "Personnel category" column
A52: ZHdK | H52: =G52*E52*F52/12 -> 0 | I52: The annual costs can be entered manually in these lines.
A53: ZHdK | H53: =G53*E53*F53/12 -> 0 | I53: The annual costs can be entered manually in these lines.
A54: ZHdK | H54: =G54*E54*F54/12 -> 0 | I54: The annual costs can be entered manually in these lines.
A55: ZHdK | H55: =G55*E55*F55/12 -> 0 | I55: The annual costs can be entered manually in these lines.
A56: ZHdK | H56: =G56*E56*F56/12 -> 0 | I56: The annual costs can be entered manually in these lines.
A57: ZHdK | H57: =G57*E57*F57/12 -> 0 | I57: The annual costs can be entered manually in these lines.
A58: Insert lines: Select line 51 (incl. dropdown menu) or line 56 (without dropdown menu) and insert another line with 'ctrl c' and 'ctrl +'.
A59: TOTAL PERSONNEL COSTS ZHdK | H59: =SUM(H46:H58) -> 0
A62: HS | B62: Person | C62: Personnel category | D62: Task | E62: degree of employment | F62: months | G62: Annual costs | H62: Calculated personnel expenses
A63: PHZH | G63: =IFERROR(VLOOKUP(C63,PHZH_Personal_2025!A$6:D$11, 4,FALSE),) -> 0 | H63: =G63*E63*F63/12 -> 0 | I63: Rows with dropdown menu in the "Personnel category" column
A64: PHZH | G64: =IFERROR(VLOOKUP(C64,PHZH_Personal_2025!A$6:D$11, 4,FALSE),) -> 0 | H64: =G64*E64*F64/12 -> 0 | I64: Rows with dropdown menu in the "Personnel category" column
A65: PHZH | G65: =IFERROR(VLOOKUP(C65,PHZH_Personal_2025!A$6:D$11, 4,FALSE),) -> 0 | H65: =G65*E65*F65/12 -> 0 | I65: Rows with dropdown menu in the "Personnel category" column
A66: PHZH | G66: =IFERROR(VLOOKUP(C66,PHZH_Personal_2025!A$6:D$11, 4,FALSE),) -> 0 | H66: =G66*E66*F66/12 -> 0 | I66: Rows with dropdown menu in the "Personnel category" column
A67: PHZH | G67: =IFERROR(VLOOKUP(C67,PHZH_Personal_2025!A$6:D$11, 4,FALSE),) -> 0 | H67: =G67*E67*F67/12 -> 0 | I67: Rows with dropdown menu in the "Personnel category" column
A68: PHZH | G68: =IFERROR(VLOOKUP(C68,PHZH_Personal_2025!A$6:D$11, 4,FALSE),) -> 0 | H68: =G68*E68*F68/12 -> 0 | I68: Rows with dropdown menu in the "Personnel category" column
A69: PHZH | H69: =G69*E69*F69/12 -> 0 | I69: The annual costs can be entered manually in these lines.
A70: PHZH | H70: =G70*E70*F70/12 -> 0 | I70: The annual costs can be entered manually in these lines.
A71: PHZH | H71: =G71*E71*F71/12 -> 0 | I71: The annual costs can be entered manually in these lines.
A72: PHZH | H72: =G72*E72*F72/12 -> 0 | I72: The annual costs can be entered manually in these lines.
A73: PHZH | H73: =G73*E73*F73/12 -> 0 | I73: The annual costs can be entered manually in these lines.
A74: PHZH | H74: =G74*E74*F74/12 -> 0 | I74: The annual costs can be entered manually in these lines.
A75: Insert lines: Select line 68 (incl. dropdown menu) or line 73 (without dropdown menu) and insert another line with 'ctrl c' and 'ctrl +'.
A76: TOTAL PERSONNEL COSTS PHZH | H76: =SUM(H63:H75) -> 0

Sheet ZHDK_Personal_2024
A1: offizielle Personal Kostensätze der ZHdK für das Jahr 2024
A3: Personalkategorien Planung | B3: Stundensätze für | C3: Jahresstunden | D3: Kosten pro Jahr | E3: Kosten pro Monat | F3: Kosten pro Tag
B4: Planung/Verrechnung | C4: für Planung
B5: in CHF | C5: bei 100% BG | D5: bei 100% BG | E5: bei 100% BG | F5: bei 100% BG
A7: Professor III (LK 24-26) | B7: 130 | C7: 1722 | D7: =+B7*C7 -> 223860 | E7: =+D7/12 -> 18655 | F7: =+B7*8.4 -> 1092
A8: Professor II (LK 23) | B8: 120 | C8: 1722 | D8: =+B8*C8 -> 206640 | E8: =+D8/12 -> 17220 | F8: =+B8*8.4 -> 1008
A9: Professors I (LK 22) | B9: 115 | C9: 1722 | D9: =+B9*C9 -> 198030 | E9: =+D9/12 -> 16502.5 | F9: =+B9*8.4 -> 966
A10: Teaching and research staff III (LK 23-24) | B10: 120 | C10: 1722 | D10: =+B10*C10 -> 206640 | E10: =+D10/12 -> 17220 | F10: =+B10*8.4 -> 1008
A11: Teaching and research staff II (LK 20-22) | B11: 100 | C11: 1722 | D11: =+B11*C11 -> 172200 | E11: =+D11/12 -> 14350 | F11: =+B11*8.4 -> 840
A12: Teaching and research staff I (LK 17-19) | B12: 80 | C12: 1722 | D12: =+B12*C12 -> 137760 | E12: =+D12/12 -> 11480 | F12: =+B12*8.4 -> 672
A13: Ass. (LK 15-17) | B13: 65 | C13: 1879 | D13: =+B13*C13 -> 122135 | E13: =+D13/12 -> 10177.917 | F13: =+B13*8.4 -> 546
A14: ATP A (LK 21-25) | B14: 115 | C14: 1879 | D14: =+B14*C14 -> 216085 | E14: =+D14/12 -> 18007.083 | F14: =+B14*8.4 -> 966
A15: ATP B (LK 16 -20 | B15: 85 | C15: 1879 | D15: =+B15*C15 -> 159715 | E15: =+D15/12 -> 13309.583 | F15: =+B15*8.4 -> 714
A16: ATP C (LK 10-15) | B16: 70 | C16: 1879 | D16: =+B16*C16 -> 131530 | E16: =+D16/12 -> 10960.833 | F16: =+B16*8.4 -> 588
A17: ATP D (LK 1-9) | B17: 45 | C17: 1879 | D17: =+B17*C17 -> 84555 | E17: =+D17/12 -> 7046.25 | F17: =+B17*8.4 -> 378
A18: Trainees and learners (LK 12/99) | B18: 20 | C18: 1879 | D18: =+B18*C18 -> 37580 | E18: =+D18/12 -> 3131.6667 | F18: =+B18*8.4 -> 168
A20: Stundensätze-Inhalt: | C20: Brutto-Jahreslohn
C21: + Arbeitgeber Sozialleistungen (AHV, IV, EO, ALV, VK, PK)
C22: + Arbeitgeber Zulagen (FAK, UVG, Verpfl. Zulagen, Pauschalspesen Lohn)
A24: Berechnung Jahresstunden für Planung: | C24: Bezahlte Jahresarbeitszeit
C25: - Ø Ferien
C26: - Ø Feiertage
C27: - Ø Kurzabsenzen
C28: - persönliche Weiterbildung (bei Dozierenden/ILV)
A30: Berechnung Stundensatz: | C30: Stundensätze-Inhalt / Jahresstunden für Planung
A32: Optionen Finanzierung
A33: ZHdK vorhanden
A34: benötigt
A35: DIZH-Institution
A36: overhead (vorhanden)
A40: Faktoren
A41: 1
A42: 1.5
A43: 1.8
A44: 2
A45: 2.1
A46: 2.2
A47: 2.3

Sheet UZH_Personal_2023
A1: offizielle Kostensätze der Personalkosten der UZH für 2023
A3: Personalkategorien Planung | B3: Pensum | C3: Mittelwert | D3: Soz.Lst | E3: inkl. Soz. leistungen
A5: Student assistant without Bachelor (100% Pensum; LK10/LS03) | B5: 1 | C5: 64266 | D5: 0.14 | E5: =+C5/B5*(100%+D5) -> 73263.24
A6: Student assistant WITH Bachelor (100% Pensum, LK 13/LS03) | B6: 1 | C6: 74427 | D6: 0.14 | E6: =+C6/B6*(100%+D6) -> 84846.78
A7: PhD 1. year (check perentage, given amount is for 100%) | B7: 0.6 | C7: 48686.4 | D7: 0.145 | E7: =+C7/B7*(100%+D7) -> 92909.88
A8: PhD 2. year (check perentage, given amount is for 100%) | B8: 0.6 | C8: 50238.9 | D8: 0.145 | E8: =+C8/B8*(100%+D8) -> 95872.568
A9: PhD 3. u. 4. year (check perentage, given amount is for 100%) | B9: 0.6 | C9: 51791.4 | D9: 0.145 | E9: =+C9/B9*(100%+D9) -> 98835.255
A10: Research assistant (100% Pensum, LK 17/LS03) | B10: 1 | C10: 94064 | D10: 0.15 | E10: =+C10/B10*(100%+D10) -> 108173.6
A11: Post-Docs (100% Pensum, LK 18/LS03) | B11: 1 | C11: 100240 | D11: 0.15 | E11: =+C11/B11*(100%+D11) -> 115276

Sheet UZH_Personal_2025
A1: offizielle Kostensätze der Personalkosten der UZH für 2025
A3: Personalkategorien Planung | B3: Pensum | C3: Mittelwert | D3: Soz.Lst | E3: inkl. Soz. leistungen
A5: Auxiliary assistants without bachelor’s degree (100% Pensum; LK10/LS03-11) | B5: 1 | C5: 66012 | D5: 0.14 | E5: =+C5/B5*(100%+D5) -> 75253.68
A6: Auxiliary assistants with bachelor’s degree (100% Pensum, LK 13/LS03-11) | B6: 1 | C6: 76450 | D6: 0.14 | E6: =+C6/B6*(100%+D6) -> 87153
A7: Doctoral students 1st year (generally 80% Pensum) | B7: 0.8 | C7: 50403.6 | D7: 0.145 | E7: =+C7/B7*(100%+D7) -> 72140.152 | G7: neu 80% bei gleichem Lohn. Somit werden sie günstiger bei einer 100% Hochrechnung
A8: Doctoral students 2nd year (generally 80% Pensum) | B8: 0.8 | C8: 52010.9 | D8: 0.145 | E8: =+C8/B8*(100%+D8) -> 74440.601 | G8: neu 80% bei gleichem Lohn. Somit werden sie günstiger bei einer 100% Hochrechnung
A9: Doctoral students 3rd and 4th year (generally 80% Pensum) | B9: 0.8 | C9: 53617.8 | D9: 0.145 | E9: =+C9/B9*(100%+D9) -> 76740.476 | G9: neu 80% bei gleichem Lohn. Somit werden sie günstiger bei einer 100% Hochrechnung
A10: Assistant (at least 50% Pensum, LK 17/LS03) | B10: 1 | C10: 96620 | D10: 0.15 | E10: =+C10/B10*(100%+D10) -> 111113
A11: Research Assistant (100% Pensum, LK 17/LS03) | B11: 1 | C11: 96620 | D11: 0.15 | E11: =+C11/B11*(100%+D11) -> 111113
A12: Post-Docs (100% Pensum, LK 18/LS03) | B12: 1 | C12: 102964 | D12: 0.16 | E12: =+C12/B12*(100%+D12) -> 119438.24

Sheet PHZH_Personal_2025
A1: Offizielle Personal Kostensätze der PHZH für das Jahr 2025
A3: Personalkategorien Planung | B3: Stundensätze für | C3: Jahresstunden | D3: Kosten pro Jahr | E3: Kosten pro Monat | F3: Kosten pro Tag
B4: Planung/Verrechnung | C4: für Planung
B5: in CHF | C5: bei 100% BG | D5: bei 100% BG | E5: bei 100% BG | F5: bei 100% BG
A7: Prof. / Teaching and Research Staff 3 | B7: 105 | C7: 1900 | D7: =+B7*C7 -> 199500 | E7: =+D7/12 -> 16625 | F7: =+B7*8.4 -> 882
A8: Teaching and Research Staff 2 | B8: 90 | C8: 1900 | D8: =+B8*C8 -> 171000 | E8: =+D8/12 -> 14250 | F8: =+B8*8.4 -> 756
A9: Teaching and Research Staff 1 | B9: 65 | C9: 1900 | D9: =+B9*C9 -> 123500 | E9: =+D9/12 -> 10291.667 | F9: =+B9*8.4 -> 546
A10: ATP | B10: 65 | C10: 1900 | D10: =+B10*C10 -> 123500 | E10: =+D10/12 -> 10291.667 | F10: =+B10*8.4 -> 546
D11: =+B11*C11 -> 0 | E11: =+D11/12 -> 0 | F11: =+B11*8.4 -> 0
A13: Stundensätze-Inhalt: | C13: Brutto-Jahreslohn
C14: + Arbeitgeber Sozialleistungen (AHV, IV, EO, ALV, VK, PK)
C15: + Arbeitgeber Zulagen (FAK, UVG, Verpfl. Zulagen, Pauschalspesen Lohn)
A17: Berechnung Jahresstunden für Planung: | C17: Bezahlte Jahresarbeitszeit
C18: - Ø Ferien
C19: - Ø Feiertage
C20: - Ø Kurzabsenzen
C21: - persönliche Weiterbildung (bei Dozierenden/ILV)
A23: Berechnung Stundensatz: | C23: Stundensätze-Inhalt / Jahresstunden für Planung

Sheet UZH_Personal_Alt
A1: Personalkategorien Planung | M1: Kosten pro Jahr
B3: Pensum | C3: 3 | D3: 4 | E3: 5 | F3: 6 | G3: 7 | H3: 8 | I3: 9 | J3: 10 | K3: 11 | L3: Mittelwert | M3: inkl. Soz. leistungen
A5: Other employees WITHOUT Bachelor (100% Pensum; LK10/LS03-11) | B5: 1 | C5: 61539 | D5: 62553 | E5: 63567 | F5: 64581 | G5: 65595 | H5: 66609 | I5: 67622 | J5: 68635 | K5: 69647 | L5: =AVERAGE(C5:K5) -> 65594.222 | M5: =+L5/B5*1.18 -> 77401.182
A6: Other employees WITH Bachelor (100% Pensum, LK 13/LS03-11) | B6: 1 | C6: 71269 | D6: 72448 | E6: 73626 | F6: 74802 | G6: 75980 | H6: 77157 | I6: 78333 | J6: 79511 | K6: 80691 | L6: =AVERAGE(C6:K6) -> 75979.667 | M6: =+L6/B6*1.18 -> 89656.007
A7: Doctoral students 1st year (60% Pensum) | B7: 0.6 | L7: 47040 | M7: =+L7/B7*1.18 -> 92512
A8: Doctoral students 2nd year (60% Pensum) | B8: 0.6 | L8: 48540 | M8: =+L8/B8*1.18 -> 95462
A9: Doctoral students 3rd and 4th years (60% Pensum) | B9: 0.6 | L9: 50040 | M9: =+L9/B9*1.18 -> 98412
A10: Post-Docs (100% Pensum, LK 18/LS03) | B10: 1 | L10: 95986 | M10: f
A14: Hilfsassistenzen
A15: Lohnklasse 10 mit LS 3 - 11
A17: Doktoranden
A19: Post-Docs
A20: Lohnklasse 18/03

Sheet UZH_Personal
A1: Personalkategorien Planung | M1: Kosten pro Jahr
B3: Pensum | C3: 3 | D3: 4 | E3: 5 | F3: 6 | G3: 7 | H3: 8 | I3: 9 | J3: 10 | K3: 11 | L3: Mittelwert | M3: inkl. Soz. leistungen | N3: SOZ.LSTG IN %
A5: Other employees WITHOUT Bachelor (100% Pensum; LK10/LS03-11) | B5: 1 | C5: 62093 | D5: 63116 | E5: 64139 | F5: 65162 | G5: 66185 | H5: 67208 | I5: 68231 | J5: 69253 | K5: 70274 | L5: =AVERAGE(C5:K5) -> 66184.556 | M5: =L5+(L5*N5) -> 75450.393 | N5: 0.14
A6: Other employees WITH Bachelor (100% Pensum, LK 13/LS03-11) | B6: 1 | C6: 71910 | D6: 73100 | E6: 74289 | F6: 75475 | G6: 76664 | H6: 77851 | I6: 79038 | J6: 80227 | K6: 81417 | L6: =AVERAGE(C6:K6) -> 76663.444 | M6: =L6+(L6*N6) -> 87396.327 | N6: 0.14
A7: Doctoral students 1st year (60% Pensum) | B7: 0.6 | L7: 47040 | M7: =(L7+(L7*N7))/B7 -> 89768 | N7: 0.145 | O7: =+M7/1.145 -> 78400 | P7: =+O7*0.6 -> 47040 | Q7: =+L7*1.145 -> 53860.8
A8: Doctoral students 2nd year (60% Pensum) | B8: 0.6 | L8: 48540 | M8: =(L8+(L8*N8))/B8 -> 92630.5 | N8: 0.145 | O8: =+M8/1.145 -> 80900 | P8: =+O8*0.6 -> 48540 | Q8: =+L8*1.145 -> 55578.3
A9: Doctoral students 3rd and 4th years (60% Pensum) | B9: 0.6 | L9: 50040 | M9: =(L9+(L9*N9))/B9 -> 95493 | N9: 0.145 | Q9: =+L9*1.145 -> 57295.8
A10: Assisting (100% Pensum, LK 17/LS03) | B10: 1 | L10: 90883 | M10: =L10+(L10*N10) -> 104515.45 | N10: 0.15
A11: Post-Docs (100% Pensum, LK 18/LS03) | B11: 1 | L11: 96850 | M11: =L11+(L11*N11) -> 111377.5 | N11: 0.15
C20: 70274 | D20: 81417
C21: 69253 | D21: 80227
C22: 68231 | D22: 79038
C23: 67208 | D23: 77851
C24: 66185 | D24: 76664
C25: 65162 | D25: 75475
C26: 64139 | D26: 74289
C27: 63116 | D27: 73100
C28: 62093 | D28: 71910

Sheet ZHAW_Personal
A1: Personalkategorien Planung | B1: Stundensätze für | C1: Jahresstunden | D1: Kosten pro Jahr | E1: Kosten pro Monat | F1: Kosten pro Tag
B2: Planung/Verrechnung | C2: für Planung
B3: in CHF | C3: bei 100% BG | D3: bei 100% BG | E3: bei 100% BG | F3: bei 100% BG
A4: Professor (PROF) / LFP3 DOZ | B4: 120 | C4: 1702.2 | D4: =+B4*C4 -> 204264 | E4: =+D4/12 -> 17022 | F4: =+B4*8.4 -> 1008
A5: LFP2 DOZ | B5: 95 | C5: 1786.2 | D5: =+B5*C5 -> 169689 | E5: =+D5/12 -> 14140.75 | F5: =+B5*8.4 -> 798 | G5: 4*42 Selbstausbildungszeit wird noch abgezogen
A6: LFP1 WIMA | B6: 75 | C6: 1828.2 | D6: =+B6*C6 -> 137115 | E6: =+D6/12 -> 11426.25 | F6: =+B6*8.4 -> 630
A7: Research assistants | B7: 50 | C7: 1870.2 | D7: =+B7*C7 -> 93510 | E7: =+D7/12 -> 7792.5 | F7: =+B7*8.4 -> 420
A8: Employee | B8: 70 | C8: 1870.2 | D8: =+B8*C8 -> 130914 | E8: =+D8/12 -> 10909.5 | F8: =+B8*8.4 -> 588
A10: In den Kostensätzen sind folgende Sozialleistungen/Zuschläge berücksichtigt:
A11: - Teuerung kumuliert seit 2016
A12: - AHV/ALV, BU/NBU, BVG: prozentuale Anteile gem. gesetzlichen Grundlagen
A13: - Zuschlag für Familienzulage
A14: - Zuschlag für DAG
A15: - allfälliger Zuschlag für Einmalzulagen
A16: - Führungszulagen
A18: Zuteilung der Mitarbeitenden zum entsprechenden Lohnintervall erfolgt auf Basis des Jahreslohnes 100% (ggf. + Führungszulage) (z.B. Jahreslohn 95' = Lohnintervall C)
A21: SNF ist mit Istlöhnen
A23: 42 | B23: std
A24: 52 | B24: Wochenb
A25: 5 | B25: Wochen Ferien
A26: 10 | B26: Feiertage
A28: =A23*(A24-A25)-A26 -> 1964 | B28: Arbeitstage

Sheet ZHDK_Personal
A1: Personalkategorien Planung | B1: Stundensätze für | C1: Jahresstunden | D1: Kosten pro Jahr | E1: Kosten pro Monat | F1: Kosten pro Tag
B2: Planung/Verrechnung | C2: für Planung
B3: in CHF | C3: bei 100% BG | D3: bei 100% BG | E3: bei 100% BG | F3: bei 100% BG
A5: Prof | B5: 120 | C5: 1705 | D5: =+B5*C5 -> 204600 | E5: =+D5/12 -> 17050 | F5: =+B5*8.4 -> 1008
A6: Doz | B6: 100 | C6: 1705 | D6: =+B6*C6 -> 170500 | E6: =+D6/12 -> 14208.333 | F6: =+B6*8.4 -> 840
A7: WiMa | B7: 65 | C7: 1850 | D7: =+B7*C7 -> 120250 | E7: =+D7/12 -> 10020.833 | F7: =+B7*8.4 -> 546
A8: Ass. | B8: 55 | C8: 1850 | D8: =+B8*C8 -> 101750 | E8: =+D8/12 -> 8479.1667 | F8: =+B8*8.4 -> 462
A9: ATP A | B9: 100 | C9: 1850 | D9: =+B9*C9 -> 185000 | E9: =+D9/12 -> 15416.667 | F9: =+B9*8.4 -> 840
A10: ATP B | B10: 65 | C10: 1850 | D10: =+B10*C10 -> 120250 | E10: =+D10/12 -> 10020.833 | F10: =+B10*8.4 -> 546
A11: ATP C | B11: 55 | C11: 1850 | D11: =+B11*C11 -> 101750 | E11: =+D11/12 -> 8479.1667 | F11: =+B11*8.4 -> 462
A12: ATP D | B12: 40 | C12: 1850 | D12: =+B12*C12 -> 74000 | E12: =+D12/12 -> 6166.6667 | F12: =+B12*8.4 -> 336
A13: ATP E | B13: 15 | C13: 1850 | D13: =+B13*C13 -> 27750 | E13: =+D13/12 -> 2312.5 | F13: =+B13*8.4 -> 126
A15: Stundensätze-Inhalt: | C15: Brutto-Jahreslohn
C16: + Arbeitgeber Sozialleistungen (AHV, IV, EO, ALV, VK, PK)
C17: + Arbeitgeber Zulagen (FAK, UVG, Verpfl. Zulagen, Pauschalspesen Lohn)
A19: Berechnung Jahresstunden für Planung: | C19: Bezahlte Jahresarbeitszeit
C20: - Ø Ferien
C21: - Ø Feiertage
C22: - Ø Kurzabsenzen
C23: - persönliche Weiterbildung (bei Dozierenden/ILV)
A25: Berechnung Stundensatz: | C25: Stundensätze-Inhalt / Jahresstunden für Planung
A27: Optionen Finanzierung
A28: ZHdK vorhanden
A29: benötigt
A30: DIZH-Institution
A31: overhead (vorhanden)
A35: Faktoren
A36: 1
A37: 1.5
A38: 1.8
A39: 2
A40: 2.1
A41: 2.2
A42: 2.3

Sheet PHZH_Personal
A1: Personalkategorien Planung | B1: Stundensätze für | C1: Jahresstunden | D1: Kosten pro Jahr | E1: Kosten pro Monat | F1: Kosten pro Tag
B2: Planung/Verrechnung | C2: für Planung
B3: in CHF | C3: bei 100% BG | D3: bei 100% BG | E3: bei 100% BG | F3: bei 100% BG
A5: Prof | B5: 90 | C5: 1900 | D5: =+B5*C5 -> 171000 | E5: =+D5/12 -> 14250 | F5: =+B5*8.4 -> 756
A6: Doz | B6: 90 | C6: 1900 | D6: =+B6*C6 -> 171000 | E6: =+D6/12 -> 14250 | F6: =+B6*8.4 -> 756
A7: WiMa | B7: 70 | C7: 1900 | D7: =+B7*C7 -> 133000 | E7: =+D7/12 -> 11083.333 | F7: =+B7*8.4 -> 588
A8: Wiss. Assistierende | B8: 40 | C8: 1900 | D8: =+B8*C8 -> 76000 | E8: =+D8/12 -> 6333.3333 | F8: =+B8*8.4 -> 336
A9: ATP | B9: 55 | C9: 1900 | D9: =+B9*C9 -> 104500 | E9: =+D9/12 -> 8708.3333 | F9: =+B9*8.4 -> 462
A11: Stundensätze-Inhalt: | C11: Brutto-Jahreslohn
C12: + Arbeitgeber Sozialleistungen (AHV, IV, EO, ALV, VK, PK)
C13: + Arbeitgeber Zulagen (FAK, UVG, Verpfl. Zulagen, Pauschalspesen Lohn)
A15: Berechnung Jahresstunden für Planung: | C15: Bezahlte Jahresarbeitszeit
C16: - Ø Ferien
C17: - Ø Feiertage
C18: - Ø Kurzabsenzen
C19: - persönliche Weiterbildung (bei Dozierenden/ILV)
A21: Berechnung Stundensatz: | C21: Stundensätze-Inhalt / Jahresstunden für Planung
A23: Optionen Finanzierung
A24: ZHdK vorhanden
A25: benötigt
A26: DIZH-Institution
A27: overhead (vorhanden)
A31: Faktoren
A32: 1
A33: 1.5
A34: 1.8
A35: 2
A36: 2.1
A37: 2.2
A38: 2.3

Sheet ZHAW - Kostensätze 2021
B1: Kostensätze ZHAW 2021 | H1: gültig ab 01.01.2021 (Basis für Budget 2021)
B2: pro Stunde; Angaben in CHF | H2: unverändert gegenüber 2020
B4: In den Kostensätzen sind folgende Sozialleistungen/Zuschläge berücksichtigt:
B5: - Teuerung kumuliert seit 2016
B6: - AHV/ALV, BU/NBU, BVG: prozentuale Anteile gem. gesetzlichen Grundlagen
B7: - Zuschlag für Familienzulage
B8: - Zuschlag für DAG
B9: - allfälliger Zuschlag für Einmalzulagen
B10: - Führungszulagen
B12: Zuteilung der Mitarbeitenden zum entsprechenden Lohnintervall erfolgt auf Basis des Jahreslohnes 100% (ggf. + Führungszulage) (z.B. Jahreslohn 95' = Lohnintervall C)
B14: Personalkategorie | C14: Lohnintervall (in KCHF) | D14: C [<130'] | E14: D [130'-170'] | F14: E [>170']
B15: Dozierende / Lehrbeauftragte 3) | C15: intern 1) | D15: 80 | E15: 110 | F15: 140
C16: extern 2) | D16: 140 | E16: 190 | F16: 240
B18: Personalkategorie | C18: Lohnintervall (in KCHF) | D18: B [<90'] | E18: C [90'-130'] | F18: D [>130']
B19: Wiss. Mitarbeitende | C19: intern 1) | D19: 50 | E19: 70 | F19: 100
C20: extern 2) | D20: 90 | E20: 120 | F20: 170
B21: Wiss. Assistierende | C21: intern 1) | D21: 50 | E21: 70
C22: extern 2) | D22: 90 | E22: 120
B23: Angestellte | C23: intern 1) | D23: 50 | E23: 70 | F23: 100
C24: extern 2) | D24: 90 | E24: 120 | F24: 170
B26: Personalkategorie | C26: Lohnintervall (in KCHF) | D26: A [1 Kostensatz]
B27: Praktikanten / Lernende | C27: intern 1) | D27: 20
C28: extern 2) | D28: 40
B30: 1) intern = Kostensätze ohne Gemeinkostenzuschlag; für interne Stundenverrechnungen
B31: 2) extern = Kostensätze mit Gemeinkostenzuschlag; Richtwerte für externe Stundenverrechnungen und Kalkulationen
B32: 3) unter Berücksichtigung der Pauschale für Fortbildung & allg. Hochschulaufgaben
B33: blau/fett = Richtgrössen für die jeweilige Personalkategorie; Verwendung in der Budgetierung und für (Projekt-)Kalkulationen
B34: => Lohnintervall, in dem erfahrungsgemäss die grösste Anzahl von Mitarbeitenden zu finden ist

Sheet Pendenzen
A1: Vorschläge
A3: Wer | B3: was | C3: Kommentar ds | D3: Status
A4: Roberto Sala | B4: nur direkte Kosten | C4: ist meiner Meinung nach kein Thema | D4: erledigt
A5: Roberto Sala | B5: Praxispartner separat wie eine eigenständige Einheit. | C5: vermutlich nein, weil der Praxispartner von einer HS finanziert werden muss | D5: erledigt
A6: Roberto Sala | B6: Personal-Kosten: Wie können Personal Kosten kalkuiert werden | C6: Vorschlag ist gemacht | D6: erledigt
A7: Véronique Planchamp | B7: Information wenn ZHdK als Partner-HS involviert ist | C7: Prozess erarbeiten mit Rebecca | D7: pendent
A8: Véronique Planchamp | B8: Bestätigungsschreiben später als Budget einreichen | C8: vermutlich nein | D8: erledigt
A9: Julian, Manuel | B9: Zellen schützen | C9: wird gemacht | D9: erledigt
A10: Julian, Manuel | B10: Erklärungen | C10: wird gemacht | D10: erledigt
A11: Daniel Schuler | B11: In-Kind Leistungen: Wie weiter? | C11: Wird abgeklärt wie es die HS buchen können. Anschliessend für DIZH anschauen | D11: pendent
A12: Daniel Schuler | B12: Personal: Kostensätze | C12: ZHdK: ok; ZHAW: ok; UZH: pendent; PHZH: pendent | D12: pendent
A13: Daniel Schuler | B13: Template ZHdK | C13: wird pro Zeile eruiert ob Budget vorhanden ist? Nicht nur vom Total? | D13: pendent
A14: Daniel Schuler | B14: Investitionen | C14: Erklären wie eingeben und Finanzierung erklären | D14: erledigt
... A20: Daniel Schuler | B20: Übersetzung Englisch | C20: 1) deepl 2) https://proofreading.org/ | D20: pendent
B21: Formel für Matching: =WENN((B56/2)> 250000; 250000; B56/2)
A30: ZHAW:
A31: Cash Zuwendung durch Praxispartner (zusätzlich zur In-Kind Leistung)
A32: Cash Zuwendung durch Oranisationseinheit (z.B. Überbleibsel aus Fund eines anderen Projektes)
A33: Benutzung eines Projektgewinnes eines thematisch vergleichbaren Projektes.
